[Event "2010 Over 1800"]
[Site "Edmonton"]
[Date "2010.05.02"]
[Round "5.2"]
[White "Haessel, Dale"]
[Black "MacKinnon, Keith"]
[Result "1/2-1/2"]
[ECO "E03"]
[WhiteElo "2308"]
[BlackElo "2290"]
[PlyCount "34"]
[EventDate "2010.05.01"]
[EventType "swiss"]
[EventRounds "5"]
[EventCountry "CAN"]
[TimeControl "7200"]

1. d4 Nf6 2. c4 e6 3. g3 d5 4. Nf3 dxc4 5. Qa4+ Nbd7 6. Bg2 a6 7. Qxc4 b5 8.
Qc6 Rb8 9. Bf4 Nd5 10. Bg5 Be7 11. Bxe7 Qxe7 12. O-O Bb7 13. Qc2 O-O 14. Nc3 c5
15. Nxd5 Bxd5 16. dxc5 Nxc5 17. Rfc1 Na4 1/2-1/2

[Event "2010 Over 1800"]
[Site "Edmonton"]
[Date "2010.05.02"]
[Round "5.3"]
[White "Kalisvaart, Peter"]
[Black "Gardner, Robert"]
[Result "1/2-1/2"]
[ECO "A33"]
[WhiteElo "2127"]
[BlackElo "2296"]
[PlyCount "79"]
[EventDate "2010.05.01"]
[EventType "swiss"]
[EventRounds "5"]
[EventCountry "CAN"]
[TimeControl "7200"]

1. d4 Nf6 2. c4 e6 3. a3 c5 4. Nf3 cxd4 5. Nxd4 Nc6 6. Nc3 Be7 7. e4 O-O 8. Be2
a6 9. O-O Qc7 10. Be3 b6 11. Nxc6 dxc6 12. Qc2 e5 13. Rad1 Be6 14. h3 Rfd8 15.
Na4 Rxd1 16. Rxd1 Nd7 17. b4 a5 18. c5 b5 19. Nb6 Nxb6 20. cxb6 Qb7 21. Bc5
axb4 22. Bxe7 Qxe7 23. Qxc6 Rc8 24. Qxb5 bxa3 25. Qxe5 Qb4 26. Ba6 Rf8 27. Qd6
Qxd6 28. Rxd6 a2 29. Rd1 Rb8 30. b7 Kf8 31. f3 Ke7 32. Kf2 Bb3 33. Rc1 Bc2 34.
Ra1 Bb1 35. Ke3 Kd6 36. Kd4 Kc7 37. Bc4 Rxb7 38. Bxa2 Bxa2 39. Rxa2 Kd6 40.
Ra6+ 1/2-1/2

[Event "2010 Over 1800"]
[Site "Edmonton"]
[Date "2010.05.02"]
[Round "5.4"]
[White "Yam, Alex"]
[Black "Yearwood, Roy"]
[Result "1-0"]
[ECO "C29"]
[WhiteElo "2222"]
[BlackElo "2122"]
[PlyCount "65"]
[EventDate "2010.05.01"]
[EventType "swiss"]
[EventRounds "5"]
[EventCountry "CAN"]
[TimeControl "7200"]

1. e4 e5 2. Nc3 Nf6 3. f4 d5 4. fxe5 Nxe4 5. d3 Qh4+ 6. g3 Nxg3 7. Nf3 Qh5 8.
Nxd5 Nxh1 9. Nxc7+ Kd8 10. Nxa8 Bg4 11. Bg2 Nc6 12. d4 Be7 13. Be3 Kc8 14. Qe2
Bh4+ 15. Kd2 Rd8 16. Kc3 Nf2 17. Bxf2 Bxf2 18. Qxf2 Kb8 19. Rd1 Kxa8 20. h3 Be6
21. Qg3 Rc8 22. Kd2 g6 23. c3 Qh6+ 24. Ke2 Bxa2 25. d5 Ne7 26. Qg5 Qf8 27. d6
Nd5 28. Qg3 Qe8 29. Nd4 Bc4+ 30. Kf2 Qa4 31. b3 Qa2+ 32. Kg1 Be2 33. Nxe2 1-0

[Event "2010 Over 1800"]
[Site "Edmonton"]
[Date "2010.05.02"]
[Round "5.5"]
[White "MacLeod, Damon"]
[Black "Pedersen, Rick"]
[Result "1-0"]
[ECO "B07"]
[WhiteElo "1834"]
[BlackElo "2000"]
[PlyCount "33"]
[EventDate "2010.05.01"]
[EventType "swiss"]
[EventRounds "5"]
[EventCountry "CAN"]
[TimeControl "7200"]

1. e4 d6 2. d4 Nf6 3. Nc3 g6 4. Be3 c6 5. Be2 Nbd7 6. Qd2 e5 7. Nf3 h6 8. dxe5
dxe5 9. h3 Qe7 10. O-O-O b6 11. Nh2 Bb7 12. Ng4 Bg7 13. Nxh6 O-O-O 14. Bg5 Qb4
15. Nxf7 Nxe4 16. Nxe4 Qxd2+ 17. Rxd2 1-0

[Event "2010 Over 1800"]
[Site "Edmonton"]
[Date "2010.05.02"]
[Round "5.6"]
[White "Razzaq, Ali"]
[Black "Zeggelaar, Mike"]
[Result "1/2-1/2"]
[ECO "D05"]
[WhiteElo "1873"]
[BlackElo "1990"]
[PlyCount "49"]
[EventDate "2010.05.01"]
[EventType "swiss"]
[EventRounds "5"]
[EventCountry "CAN"]
[TimeControl "7200"]

1. d4 Nf6 2. Nf3 e6 3. e3 b6 4. Bd3 Be7 5. O-O d5 6. Nbd2 Bb7 7. c4 Nbd7 8. Qc2
h6 9. e4 dxe4 10. Nxe4 Nxe4 11. Bxe4 Bxe4 12. Qxe4 Nf6 13. Qc6+ Nd7 14. Ne5 Rc8
15. d5 Bd6 16. dxe6 Bxe5 17. exd7+ Qxd7 18. Qe4 f6 19. Bf4 O-O 20. Rad1 Qg4 21.
Qd5+ Kh8 22. Bxe5 fxe5 23. Qxe5 Rf5 24. Qg3 Qxc4 25. b3 1/2-1/2

[Event "2010 Edmonton International"]
[Site "Edmonton"]
[Date "2010.07.29"]
[Round "3"]
[White "Pechenkin, Vladimir"]
[Black "Gardner, Robert"]
[Result "1/2-1/2"]
[ECO "C00"]
[WhiteElo "2345"]
[BlackElo "2151"]
[PlyCount "91"]
[EventDate "2010.07.28"]
[EventType "tourn"]
[EventRounds "9"]
[EventCountry "CAN"]
[EventCategory "4"]
[TimeControl "600"]

1. Nf3 b6 2. g3 Bb7 3. Bg2 e6 4. O-O Nf6 5. d3 d5 6. Nbd2 Be7 7. e4 O-O 8. e5
Nfd7 9. Re1 c5 10. h4 Nc6 11. Nf1 b5 12. Bf4 a5 13. N1h2 Re8 14. Ng5 h6 15.
Ngf3 f5 16. Qd2 Kh7 17. g4 Nf8 18. h5 Kh8 19. gxf5 exf5 20. Bh3 Nh7 21. Bxf5
Rf8 22. Bg4 d4 23. a3 Qd5 24. Re4 Nd8 25. e6 Nf6 26. Ne5 Re8 27. Bxh6 Nxe4 28.
Ng6+ Kh7 29. dxe4 Qxe4 30. f3 Qd5 31. Qd3 Kg8 32. Nf4 Qe5 33. Qg6 Rf8 34. Ng2
Qf6 35. Qxf6 Bxf6 36. Bf4 Ra6 37. Re1 Re8 38. Bd2 Nxe6 39. Nf4 Nc7 40. Rxe8+
Nxe8 41. Be6+ Kh7 42. Ng6 Nc7 43. Nf8+ Kh8 44. Ng6+ Kh7 45. Nf8+ Kh8 46. Ng6+
1/2-1/2

[Event "2010 Edmonton International"]
[Site "Edmonton"]
[Date "2010.07.29"]
[Round "3"]
[White "Van Heirzeele, Daniel"]
[Black "Wang, Richard"]
[Result "0-1"]
[ECO "E07"]
[WhiteElo "2120"]
[BlackElo "2190"]
[PlyCount "46"]
[EventDate "2010.07.28"]
[EventType "tourn"]
[EventRounds "9"]
[EventCountry "CAN"]
[EventCategory "4"]
[TimeControl "600"]

1. d4 d5 2. c4 c6 3. Nf3 Nf6 4. Nc3 e6 5. g3 dxc4 6. a4 Nbd7 7. Bg2 Be7 8. O-O
O-O 9. e4 e5 10. dxe5 Ng4 11. Bf4 Qa5 12. e6 fxe6 13. Qe2 Nge5 14. Nxe5 Nxe5
15. Bxe5 Qxe5 16. Rad1 b5 17. Kh1 b4 18. Nb1 Ba6 19. Bh3 Rf6 20. Rd7 Bf8 21. b3
Bc8 22. Rd8 c3 23. Qc4 Ba6 0-1

[Event "6th Edmonton International"]
[Site "Edmonton"]
[Date "2011.07.27"]
[Round "1"]
[White "Abrahamyan, Tatev"]
[Black "Benjamin, Joel"]
[Result "0-1"]
[ECO "C55"]
[WhiteElo "2343"]
[BlackElo "2553"]
[PlyCount "86"]
[EventDate "2011.07.27"]
[EventType "tourn"]
[EventRounds "9"]
[EventCountry "CAN"]
[EventCategory "4"]
[TimeControl "5400"]

1. e4 e5 2. Nf3 Nc6 3. Bc4 Nf6 4. d3 Be7 5. O-O O-O 6. Re1 d6 7. c3 Nd7 8. Bb3
Nb6 9. Nbd2 Kh8 10. d4 exd4 11. cxd4 f5 12. d5 Ne5 13. Nd4 f4 14. h3 Qe8 15.
N2f3 Nbd7 16. Bd2 Bf6 17. Rc1 Nc5 18. Nxe5 Bxe5 19. Bc3 Qg6 20. Qf3 Bd7 21. Bc2
a5 22. Bb1 b6 23. Ne2 Rae8 24. Bxe5 Rxe5 25. Nxf4 Qf7 26. Nd3 Qxf3 27. gxf3
Rg5+ 28. Kf1 Rxf3 29. Nxc5 bxc5 30. Ke2 Rxh3 31. Bd3 Rg2 32. Rf1 Bg4+ 33. Kd2
Rf3 34. e5 Rgxf2+ 35. Rxf2 Rxf2+ 36. Ke3 Rf3+ 37. Ke4 g5 38. e6 Kg7 39. Rg1 h5
40. Be2 Rf4+ 41. Ke3 Kf6 42. Bxg4 Rxg4 43. Rf1+ Rf4 0-1

[Event "6th Edmonton International"]
[Site "Edmonton"]
[Date "2011.07.27"]
[Round "1"]
[White "Gardner, Robert"]
[Black "Shabalov, Alexander"]
[Result "0-1"]
[ECO "E90"]
[WhiteElo "2188"]
[BlackElo "2577"]
[PlyCount "72"]
[EventDate "2011.07.27"]
[EventType "tourn"]
[EventRounds "9"]
[EventCountry "CAN"]
[EventCategory "4"]
[TimeControl "5400"]

1. d4 Nf6 2. c4 g6 3. Nc3 Bg7 4. e4 d6 5. Nf3 O-O 6. h3 Nbd7 7. Bg5 e5 8. d5 a5
9. Nd2 Nc5 10. g4 Bd7 11. Rg1 Kh8 12. h4 h6 13. Be3 Nh7 14. g5 h5 15. Nf3 a4
16. Be2 c6 17. Qd2 cxd5 18. Bxc5 dxc5 19. Qxd5 a3 20. Rd1 Bg4 21. Qxc5 Qe8 22.
b3 Bxf3 23. Bxf3 f6 24. Bxh5 fxg5 25. Bg4 gxh4 26. Rd7 Rf7 27. Qd5 Rxd7 28.
Bxd7 Qe7 29. Qxb7 Rf8 30. Bc6 Qf6 31. Rf1 Ng5 32. Nd5 Nf3+ 33. Kd1 Qg5 34. Qb4
h3 35. Ne3 h2 36. Qxa3 Ng1 0-1

[Event "6th Edmonton International"]
[Site "Edmonton"]
[Date "2011.07.27"]
[Round "1"]
[White "Haessel, Dale"]
[Black "Wang, Richard"]
[Result "1/2-1/2"]
[ECO "D12"]
[WhiteElo "2211"]
[BlackElo "2240"]
[PlyCount "66"]
[EventDate "2011.07.27"]
[EventType "tourn"]
[EventRounds "9"]
[EventCountry "CAN"]
[EventCategory "4"]
[TimeControl "5400"]

1. Nf3 d5 2. d4 Nf6 3. c4 c6 4. e3 Bf5 5. Nc3 e6 6. Nh4 Bg6 7. Be2 Nbd7 8. Nxg6
hxg6 9. O-O Bd6 10. g3 O-O 11. Qc2 Qe7 12. b3 Rac8 13. Bb2 Ba3 14. Rfd1 Rfd8
15. Rac1 dxc4 16. bxc4 e5 17. Bxa3 Qxa3 18. Qb3 Qxb3 19. axb3 exd4 20. exd4 Nb6
21. Ra1 a6 22. Bf3 Rc7 23. Rd2 Kf8 24. Kf1 g5 25. Rad1 g6 26. h3 Kg7 27. Ke1
Re7+ 28. Re2 Red7 29. Red2 Ra8 30. Re2 Rh8 31. Bg2 Rhd8 32. Red2 Rd6 33. d5
R6d7 1/2-1/2

[Event "6th Edmonton International"]
[Site "Edmonton"]
[Date "2011.07.27"]
[Round "1"]
[White "Pechenkin, Vladimir"]
[Black "Melekhina, Alisa"]
[Result "1/2-1/2"]
[ECO "A21"]
[WhiteElo "2297"]
[BlackElo "2263"]
[PlyCount "132"]
[EventDate "2011.07.27"]
[EventType "tourn"]
[EventRounds "9"]
[EventCountry "CAN"]
[EventCategory "4"]
[TimeControl "5400"]

1. c4 g6 2. Nc3 Bg7 3. g3 d6 4. Bg2 e5 5. d3 f5 6. e4 Nf6 7. Nge2 O-O 8. O-O c6
9. h3 Be6 10. exf5 gxf5 11. f4 Nbd7 12. Be3 Qe8 13. Qd2 Nh5 14. Kh2 Qg6 15. b3
Kh8 16. d4 Rg8 17. d5 exf4 18. Bxf4 Nxf4 19. Qxf4 cxd5 20. cxd5 Be5 21. Qf3 Bf7
22. Nf4 Qg7 23. Rac1 Nf6 24. Nce2 Ne4 25. Qd3 Bxf4 26. Rxf4 Bh5 27. g4 Nc5 28.
Qxf5 Bg6 29. Qf6 Rae8 30. Ng3 Re7 31. Rcf1 Nd3 32. Qxg7+ Kxg7 33. Rf6 Rc8 34.
Rxd6 Rc2 35. Re6 Rf7 36. Rxf7+ Bxf7 37. Re2 Rxe2 38. Nxe2 Kf6 39. Nc3 Ke5 40.
d6 Kxd6 41. Bxb7 Kc5 42. Be4 Kd4 43. Nb5+ Kxe4 44. Nd6+ Kf4 45. Nxf7 Nc1 46.
Nd8 Nxa2 47. Nc6 a6 48. Nb8 Nb4 49. Nd7 Nd3 50. Nf6 h6 51. Nd5+ Ke5 52. Ne7 Nc5
53. Nc6+ Kf4 54. b4 Nd3 55. Kg2 Ke4 56. Kg3 Kd5 57. Na5 Nxb4 58. Kh4 Nd3 59. g5
hxg5+ 60. Kxg5 Ne1 61. h4 Nf3+ 62. Kg4 Nxh4 63. Kxh4 Kc5 64. Kg3 Kb5 65. Nb7 a5
66. Nxa5 Kxa5 1/2-1/2

[Event "6th Edmonton International"]
[Site "Edmonton"]
[Date "2011.07.28"]
[Round "3"]
[White "Gardner, Robert"]
[Black "Melekhina, Alisa"]
[Result "1/2-1/2"]
[ECO "E90"]
[WhiteElo "2188"]
[BlackElo "2263"]
[PlyCount "88"]
[EventDate "2011.07.27"]
[EventType "tourn"]
[EventRounds "9"]
[EventCountry "CAN"]
[EventCategory "4"]
[TimeControl "5400"]

1. d4 Nf6 2. c4 g6 3. Nc3 Bg7 4. e4 d6 5. Nf3 O-O 6. h3 e5 7. d5 Na6 8. Bg5 h6
9. Be3 Nc5 10. Nd2 a5 11. g4 c6 12. Qf3 Bd7 13. Be2 a4 14. g5 Nh7 15. gxh6 Bf6
16. O-O-O Qa5 17. Ndb1 Be7 18. h4 Rac8 19. Rdg1 b5 20. Bxc5 b4 21. Bxb4 Qxb4
22. a3 Qa5 23. dxc6 Bxc6 24. Nd5 Bxd5 25. exd5 Rb8 26. Bd3 Qb6 27. Qf5 Qxb2+
28. Kd1 Ng5 29. Rxg5 Bxg5 30. Qxg5 Qb3+ 31. Ke2 e4 32. Bxe4 Qxc4+ 33. Ke3 Rb3+
34. Kf4 Qd4 35. f3 Qe3+ 36. Kg3 Qxe4 37. Nd2 f6 38. Nxe4 fxg5 39. Nxg5 Rxa3 40.
Re1 Rd3 41. Re7 Rxd5 42. Rg7+ Kh8 43. Rh7+ Kg8 44. Rg7+ Kh8 1/2-1/2

[Event "6th Edmonton International"]
[Site "Edmonton"]
[Date "2011.07.28"]
[Round "3"]
[White "Haessel, Dale"]
[Black "Abrahamyan, Tatev"]
[Result "1/2-1/2"]
[ECO "E63"]
[WhiteElo "2211"]
[BlackElo "2343"]
[PlyCount "69"]
[EventDate "2011.07.27"]
[EventType "tourn"]
[EventRounds "9"]
[EventCountry "CAN"]
[EventCategory "4"]
[TimeControl "5400"]

1. Nf3 Nf6 2. c4 g6 3. d4 Bg7 4. g3 O-O 5. Bg2 d6 6. Nc3 Nc6 7. O-O a6 8. Qd3
e5 9. dxe5 dxe5 10. Qxd8 Rxd8 11. Bg5 Be6 12. Nd2 h6 13. Bxf6 Bxf6 14. Nde4 Be7
15. Nd5 Bxd5 16. cxd5 Nb4 17. Nc3 a5 18. Rac1 Bd6 19. h4 h5 20. Rfd1 Kg7 21. e3
Na6 22. Nb5 Rd7 23. Bf1 Nc5 24. Rc2 b6 25. a3 a4 26. Nc3 e4 27. Bb5 Re7 28. Bc6
Ra5 29. Rd4 Be5 30. Rc4 Bxc3 31. R2xc3 Kf6 32. Kf1 Ke5 33. Ke2 Kd6 34. Rd4 Re5
35. Rcc4 1/2-1/2

[Event "6th Edmonton International"]
[Site "Edmonton"]
[Date "2011.07.28"]
[Round "3"]
[White "Pechenkin, Vladimir"]
[Black "Benjamin, Joel"]
[Result "1/2-1/2"]
[ECO "A29"]
[WhiteElo "2297"]
[BlackElo "2553"]
[PlyCount "89"]
[EventDate "2011.07.27"]
[EventType "tourn"]
[EventRounds "9"]
[EventCountry "CAN"]
[EventCategory "4"]
[TimeControl "5400"]

1. c4 e5 2. g3 Nf6 3. Bg2 d5 4. cxd5 Nxd5 5. Nc3 Nb6 6. Nf3 Nc6 7. O-O Be7 8.
a3 O-O 9. b4 Be6 10. Rb1 f6 11. d3 a6 12. Ne4 Qc8 13. Qc2 Rd8 14. Bb2 a5 15. b5
Na7 16. d4 f5 17. Nxe5 Nxb5 18. Nc5 Bd5 19. Bh3 Nd6 20. f3 Kh8 21. e4 Bg8 22.
Rfe1 Rf8 23. d5 a4 24. Kg2 Bf6 25. Rbc1 Re8 26. Ncd3 Qd8 27. Qxc7 Qxc7 28. Rxc7
fxe4 29. fxe4 Nxe4 30. Rxe4 Bxd5 31. Bf5 Rf8 32. Nf4 Bxe4+ 33. Bxe4 Rae8 34.
Nfd3 Re7 35. Rxe7 Bxe7 36. Bxb7 Rb8 37. Bc6 Rc8 38. Bd4 Nc4 39. Bxa4 Nxe5 40.
Nxe5 Ra8 41. Bb3 Rxa3 42. Be6 Ra6 43. Nf7+ Kg8 44. Ng5+ Kh8 45. Nf7+ 1/2-1/2

[Event "6th Edmonton International"]
[Site "Edmonton"]
[Date "2011.07.29"]
[Round "4"]
[White "Abrahamyan, Tatev"]
[Black "Gardner, Robert"]
[Result "0-1"]
[ECO "B07"]
[WhiteElo "2343"]
[BlackElo "2188"]
[PlyCount "120"]
[EventDate "2011.07.27"]
[EventType "tourn"]
[EventRounds "9"]
[EventCountry "CAN"]
[EventCategory "4"]
[TimeControl "5400"]

1. e4 d6 2. d4 Nf6 3. Nc3 g6 4. Be3 a6 5. h3 b5 6. e5 Nfd7 7. Qf3 c6 8. O-O-O
d5 9. h4 e6 10. h5 g5 11. h6 c5 12. dxc5 Nxe5 13. Qg3 Nbd7 14. Bxg5 Qa5 15. Bf4
Nc6 16. Bc7 Qb4 17. Bd6 Nxc5 18. Bxf8 Rxf8 19. Qc7 Bd7 20. a3 Qg4 21. Nf3 Rc8
22. Qd6 Nb7 23. Qh2 b4 24. axb4 Qxb4 25. Qh4 Qa5 26. Kb1 Nb4 27. Rd4 Rxc3 28.
Rxb4 Rc7 29. Bd3 Bb5 30. Rb3 Bxd3 31. Rxd3 Nc5 32. Ra3 Qb6 33. Qd4 Rb7 34. Ne5
Ne4 35. Qa4+ Ke7 36. Rb3 Nd2+ 37. Ka2 Nxb3 38. cxb3 f6 39. Nd3 Rg8 40. Re1 Kf7
41. Re3 Qb5 42. Qa3 d4 43. Rf3 Rxg2 44. Nc5 Rb6 45. Ne4 Qb4 46. Nxf6 Qxa3+ 47.
bxa3 Kg6 48. Nd7 Rd6 49. Ne5+ Kh5 50. Kb2 Rd5 51. Nd3 Kxh6 52. Nf4 Rf5 53. Rh3+
Kg5 54. Nxg2 Rxf2+ 55. Kc1 Rxg2 56. Rxh7 Kf4 57. Kd1 e5 58. b4 d3 59. a4 Ke3
60. Rh3+ Kd4 0-1

[Event "6th Edmonton International"]
[Site "Edmonton"]
[Date "2011.07.29"]
[Round "4"]
[White "Benjamin, Joel"]
[Black "Shabalov, Alexander"]
[Result "1/2-1/2"]
[ECO "B06"]
[WhiteElo "2553"]
[BlackElo "2577"]
[PlyCount "93"]
[EventDate "2011.07.27"]
[EventType "tourn"]
[EventRounds "9"]
[EventCountry "CAN"]
[EventCategory "4"]
[TimeControl "5400"]

1. d4 g6 2. e4 Bg7 3. Nf3 d6 4. Be2 Nd7 5. O-O e5 6. dxe5 dxe5 7. a4 Ngf6 8.
Nc3 O-O 9. Bc4 h6 10. b3 Re8 11. Qe2 c6 12. a5 Qc7 13. Rd1 Nc5 14. Ba3 Bf8 15.
Qe3 Ng4 16. Qc1 b5 17. Bf1 Rb8 18. Bb4 f5 19. h3 Nf6 20. Nh4 Qg7 21. exf5 gxf5
22. Qe3 f4 23. Qf3 Qg5 24. Bxc5 Bxc5 25. Qxc6 Bxf2+ 26. Kxf2 Bb7 27. Qxb5 Rec8
28. Qd3 e4 29. Qd4 Qxh4+ 30. Kg1 e3 31. Ne2 Ne4 32. Qe5 f3 33. Qe6+ Kh8 34.
Qe5+ Nf6 35. Nf4 Qg5 36. Qxe3 Rxc2 37. Rd2 Re8 38. Qd4 Re4 39. Qd8+ Re8 40. Qd4
Rxd2 41. Qxd2 fxg2 42. Bc4 Kh7 43. Qf2 Ne4 44. Ne6 Rxe6 45. Qf7+ Kh8 46. Qf8+
Kh7 47. Qf7+ 1/2-1/2

[Event "6th Edmonton International"]
[Site "Edmonton"]
[Date "2011.07.29"]
[Round "4"]
[White "Pechenkin, Vladimir"]
[Black "Haessel, Dale"]
[Result "1-0"]
[ECO "A29"]
[WhiteElo "2297"]
[BlackElo "2211"]
[PlyCount "57"]
[EventDate "2011.07.27"]
[EventType "tourn"]
[EventRounds "9"]
[EventCountry "CAN"]
[EventCategory "4"]
[TimeControl "5400"]

1. c4 e5 2. g3 Nf6 3. Bg2 d5 4. cxd5 Nxd5 5. Nc3 Nb6 6. Nf3 Nc6 7. O-O Be7 8.
a3 Be6 9. b4 O-O 10. Rb1 f6 11. d3 Nd4 12. Nd2 c6 13. Nde4 Nd5 14. Bb2 Nxc3 15.
Bxc3 Bg4 16. Re1 Qd7 17. Bxd4 exd4 18. Qc2 Rae8 19. a4 f5 20. Nd2 f4 21. Nf3
fxg3 22. hxg3 Bf6 23. b5 cxb5 24. Rxb5 Rf7 25. Nh2 Rfe7 26. Rxb7 Qc8 27. Rxe7
Rxe7 28. Qb3+ Kh8 29. Nxg4 1-0

[Event "6th Edmonton International"]
[Site "Edmonton"]
[Date "2011.07.30"]
[Round "6"]
[White "Haessel, Dale"]
[Black "Gardner, Robert"]
[Result "1-0"]
[ECO "E33"]
[WhiteElo "2211"]
[BlackElo "2188"]
[PlyCount "99"]
[EventDate "2011.07.27"]
[EventType "tourn"]
[EventRounds "9"]
[EventCountry "CAN"]
[EventCategory "4"]
[TimeControl "5400"]

1. d4 Nf6 2. c4 e6 3. Nc3 Bb4 4. Qc2 Nc6 5. Nf3 d6 6. Bg5 h6 7. Bd2 Qe7 8. a3
Bxc3 9. Bxc3 O-O 10. e3 e5 11. d5 Nd8 12. Nd2 Nh7 13. O-O-O f5 14. f4 e4 15.
Be2 Nf6 16. h3 c6 17. dxc6 bxc6 18. g4 Nb7 19. Rdg1 a5 20. g5 hxg5 21. Rxg5 Nc5
22. h4 Ne6 23. Rg6 Kh7 24. h5 d5 25. Qd1 Bd7 26. h6 Kxg6 27. Bh5+ Kh7 28. hxg7
Qxg7 29. Bf7+ Qh6 30. Rxh6+ Kxh6 31. Qh1+ Kg7 32. Bxe6 Bxe6 33. Qh4 Rf7 34.
Qg5+ Kf8 35. Bxf6 dxc4 36. Bd4 Rc8 37. Bc5+ Ke8 38. Qh6 Kd7 39. Kc2 Rg8 40. Bb6
a4 41. Kc3 Rb8 42. Bd4 Rb5 43. Qh8 c5 44. Be5 Bd5 45. Bf6 Kc6 46. Qc8+ Rc7 47.
Qxf5 Rcb7 48. Qc8+ Kd6 49. Nxc4+ Bxc4 50. Kxc4 1-0

[Event "6th Edmonton International"]
[Site "Edmonton"]
[Date "2011.08.01"]
[Round "8"]
[White "Benjamin, Joel"]
[Black "Melekhina, Alisa"]
[Result "1/2-1/2"]
[ECO "B07"]
[WhiteElo "2553"]
[BlackElo "2263"]
[PlyCount "141"]
[EventDate "2011.07.27"]
[EventType "tourn"]
[EventRounds "9"]
[EventCountry "CAN"]
[EventCategory "4"]
[TimeControl "5400"]

1. e4 d6 2. d4 Nf6 3. Nc3 e5 4. dxe5 dxe5 5. Qxd8+ Kxd8 6. Bc4 Be6 7. Bxe6 fxe6
8. Be3 Bb4 9. O-O-O+ Nbd7 10. Nge2 Ng4 11. Bg5+ Ke8 12. Rdf1 Bc5 13. Nd1 Nb6
14. f3 Nf6 15. b3 Rd8 16. Kb1 h6 17. Bc1 Rf8 18. a4 Rd7 19. Nb2 Rdf7 20. Rd1 g5
21. Nd3 Bd6 22. h4 Rg8 23. g4 Nfd7 24. hxg5 hxg5 25. Ng1 Nc5 26. Nf2 Nbd7 27.
Rh5 Be7 28. Nfh3 Rfg7 29. Ne2 b6 30. Rh1 Nb7 31. Rh6 Nd8 32. Nhg1 Nf8 33. R6h5
Nf7 34. Nh3 Bc5 35. Bd2 a5 36. Be1 Be3 37. Nf2 Ng6 38. Nd3 Nd8 39. Bc3 Nc6 40.
Rh7 Nd4 41. Nxd4 exd4 42. Be1 c6 43. Bg3 b5 44. R1h6 bxa4 45. bxa4 Rxh7 46.
Rxh7 Rf8 47. Bd6 Rxf3 48. Rg7 Rf6 49. e5 Rf1+ 50. Kb2 Nf4 51. Nc5 d3 52. Nxd3
Nxd3+ 53. cxd3 Rf4 54. Re7+ Kd8 55. Rxe6 Rxa4 56. Re7 Rd4 57. Kc3 Rd5 58. Kc4
Bd4 59. Rc7 Bxe5 60. Bxe5 Rxe5 61. Rxc6 Kd7 62. Rg6 Ke7 63. Rg7+ Kf6 64. Ra7
Re1 65. d4 Re4 66. Ra6+ Ke7 67. Kd5 Rxg4 68. Ke5 Rh4 69. Rxa5 g4 70. Ra7+ Kf8
71. Kf6 1/2-1/2

[Event "6th Edmonton International"]
[Site "Edmonton"]
[Date "2011.08.01"]
[Round "9"]
[White "Shabalov, Alexander"]
[Black "Haessel, Dale"]
[Result "1-0"]
[ECO "C24"]
[WhiteElo "2577"]
[BlackElo "2211"]
[PlyCount "93"]
[EventDate "2011.07.27"]
[EventType "tourn"]
[EventRounds "9"]
[EventCountry "CAN"]
[EventCategory "4"]
[TimeControl "5400"]

1. e4 e5 2. Bc4 Nf6 3. d3 c6 4. Nf3 d5 5. Bb3 a5 6. a3 a4 7. Ba2 Bd6 8. Nc3 Be6
9. Ng5 O-O 10. Nxe6 fxe6 11. O-O Nbd7 12. Qe2 Qc7 13. Bd2 Nc5 14. Rae1 Nfd7 15.
Kh1 h6 16. Qg4 Kh7 17. g3 Rf6 18. Qe2 Raf8 19. f3 Kh8 20. Nd1 R6f7 21. Ne3 Qb6
22. Bc1 Qa6 23. Kg2 Bc7 24. Ng4 Kh7 25. h3 Kh8 26. h4 Ba5 27. Rd1 h5 28. Nh2
Bc7 29. Be3 Bd6 30. c3 Nb3 31. Qc2 d4 32. cxd4 exd4 33. Bg5 Ndc5 34. f4 g6 35.
Qe2 Kh7 36. Rf3 Qb6 37. Rdf1 Qc7 38. e5 Be7 39. g4 Qa5 40. R3f2 hxg4 41. Nxg4
Qb5 42. Rf3 Qa5 43. Bxb3 Nxb3 44. R1f2 Nc5 45. Bxe7 Rxe7 46. Nf6+ Kg7 47. Rg3
1-0

[Event "6th Edmonton International"]
[Site "Edmonton"]
[Date "2011.08.01"]
[Round "9"]
[White "Wang, Richard"]
[Black "Pechenkin, Vladimir"]
[Result "1/2-1/2"]
[ECO "A85"]
[WhiteElo "2240"]
[BlackElo "2297"]
[PlyCount "59"]
[EventDate "2011.07.27"]
[EventType "tourn"]
[EventRounds "9"]
[EventCountry "CAN"]
[EventCategory "4"]
[TimeControl "5400"]

1. d4 f5 2. c4 Nf6 3. Nc3 e6 4. Nf3 Bb4 5. Qc2 b6 6. a3 Bxc3+ 7. Qxc3 Bb7 8. g3
d6 9. Bg2 Nbd7 10. O-O Qe7 11. b4 O-O 12. Rd1 Ne4 13. Qc2 a5 14. Bb2 Ndf6 15.
Nd2 Ng4 16. Rf1 Nxd2 17. Qxd2 Bxg2 18. Kxg2 Qe8 19. f3 Nf6 20. Bc3 axb4 21.
axb4 Rxa1 22. Rxa1 b5 23. c5 Qc6 24. Qa2 Nd5 25. Bd2 dxc5 26. dxc5 Qd7 27. Qa6
c6 28. Qa7 Qc8 29. Qa6 Qd7 30. Qa7 1/2-1/2

[Event "2012 Canadian Junior"]
[Site "Calgary"]
[Date "2012.01.05"]
[Round "1"]
[White "Cao, Jason"]
[Black "MacKinnon, Keith"]
[Result "0-1"]
[ECO "B42"]
[WhiteElo "2053"]
[BlackElo "2349"]
[PlyCount "104"]
[EventDate "2012.01.05"]
[EventType "swiss"]
[EventRounds "7"]
[EventCountry "CAN"]
[TimeControl "5400"]

1. e4 c5 2. Nf3 e6 3. d4 cxd4 4. Nxd4 a6 5. Bd3 Bc5 6. Nb3 Be7 7. O-O Qc7 8.
Nc3 d6 9. Be3 Nd7 10. f4 Ngf6 11. Qf3 b5 12. e5 Bb7 13. Qg3 dxe5 14. fxe5 Nxe5
15. Bf4 Qb6+ 16. Be3 Qc7 17. Bf4 Bd6 18. Nd4 Nh5 19. Bxb5+ axb5 20. Ncxb5 Nxg3
21. Nxc7+ Bxc7 22. Bxg3 Rd8 23. c3 Rd5 24. Rfe1 Kd7 25. b4 Ra8 26. a4 Nd3 27.
Re3 Nxb4 28. Rb1 Rxa4 29. Rf3 f6 30. Bxc7 Kxc7 31. Nxe6+ Kd7 32. Nxg7 Rd2 33.
Rf2 Rxf2 34. Kxf2 Ra2+ 35. Ke3 Nc2+ 36. Kd3 Bxg2 37. Nh5 f5 38. Ng3 f4 39. Nh5
f3 40. Nf4 Kd6 41. c4 Ke5 42. Nh5 f2 43. Ng3 Ra3+ 44. Kxc2 Rxg3 45. hxg3 Be4+
46. Kd2 Bxb1 47. Ke2 Bd3+ 48. Kxf2 Bxc4 49. Kf3 Kf5 50. Ke3 Kg4 51. Kf2 Bd5 52.
Kf1 Kxg3 0-1

[Event "2012 Canadian Junior"]
[Site "Calgary"]
[Date "2012.01.05"]
[Round "1"]
[White "Wang, Richard"]
[Black "De Guzman, Jeff Anthony"]
[Result "1-0"]
[ECO "B13"]
[WhiteElo "2306"]
[BlackElo "1992"]
[PlyCount "59"]
[EventDate "2012.01.05"]
[EventType "swiss"]
[EventRounds "7"]
[EventCountry "CAN"]
[TimeControl "5400"]

1. d4 Nf6 2. Nf3 d5 3. e3 c5 4. c4 cxd4 5. exd4 Bg4 6. Nc3 e6 7. h3 Bxf3 8.
Qxf3 Nc6 9. Be3 Bb4 10. Bd3 Qa5 11. O-O Bxc3 12. bxc3 Qxc3 13. cxd5 Nxd5 14.
Be4 Nxd4 15. Bxd4 Qxd4 16. Rad1 Qb6 17. Bxd5 exd5 18. Rfe1+ Kf8 19. Rxd5 Qc6
20. Qa3+ Kg8 21. Qxa7 Rc8 22. Rc5 Qd7 23. Qa4 g6 24. Qxd7 Rxc5 25. Re8+ Kg7 26.
Qd4+ f6 27. Qd7+ Kh6 28. Rxh8 f5 29. Rxh7+ Kg5 30. Qe7+ 1-0

[Event "2012 Alberta Closed"]
[Site "Edmonton"]
[Date "2012.04.06"]
[Round "1"]
[White "Kazmaier, Daniel"]
[Black "Reeve, Jeff"]
[Result "0-1"]
[ECO "B50"]
[WhiteElo "2204"]
[BlackElo "2244"]
[PlyCount "120"]
[EventDate "2012.04.06"]
[EventType "tourn"]
[EventRounds "5"]
[EventCountry "CAN"]
[TimeControl "5400"]

1. e4 c5 2. Nf3 d6 3. c3 Nf6 4. Be2 Bd7 5. d3 Nc6 6. Nbd2 g6 7. a4 Bg7 8. O-O
O-O 9. Nc4 d5 10. exd5 Nxd5 11. Qb3 Qc7 12. a5 h6 13. Re1 Rad8 14. a6 b6 15. g3
Bg4 16. Qa4 Qd7 17. Nfe5 Nxe5 18. Nxe5 Qxa4 19. Rxa4 Bxe2 20. Rxe2 e6 21. d4
cxd4 22. Rxd4 Nc7 23. Rc4 Nxa6 24. Nf3 Rd1+ 25. Re1 Rfd8 26. Kf1 Nc5 27. b4 Na4
28. Bd2 R1xd2 29. Nxd2 Rxd2 30. Rc8+ Bf8 31. c4 Kg7 32. Ra1 Nb2 33. Rxa7 Bxb4
34. Rcc7 Kf6 35. Rxf7+ Ke5 36. Rg7 g5 37. Rg6 Nd3 38. Rf7 Bc5 39. Rxh6 Rxf2+
40. Rxf2 Nxf2 41. Ke2 g4 42. Rh5+ Ke4 43. Rh4 Ke5 44. Rh5+ Kd6 45. Rh6 Ke7 46.
Rh7+ Kf6 47. Rh6+ Kf7 48. Rh5 Bd4 49. Rh7+ Kg6 50. Rd7 e5 51. Rd8 Bc5 52. Rg8+
Kf5 53. Rh8 Nh3 54. Rh5+ Ng5 55. Kd3 e4+ 56. Ke2 Bd4 57. Rh6 Bf6 58. Ke3 Nf3
59. h4 gxh3 60. Rxh3 Bd4+ 0-1